AoeStats
← ThunderboltX

Arabia

509765272Analyzed
1v1 RM · 5d ago on Sep 27, 2026· 39m 31s· 2 players
Game mode
Random Map
Map size
Tiny (2 player)
Population
200
Speed
Normal
Resources
Standard
Victory
Conquest
Starting age
Dark Age
Ending age
Imperial Age
RankedLock teamsTeams togetherTeam positionsShared explorationLock speedFull tech treeHidden civsTurbo modeCheats
Victory
Defeat
🇧🇬 Saxons · Bulgaria
2400
+6
🇨🇱 Bohemians · Chile
2154
-6
DGHIR | chanchilaru
5:29 Loom
12:23 Feudal Age
13:06 Double-Bit Axe
14:26 Fletching
23:53 Castle Age
23:56 Crossbowman
24:31 Bodkin Arrow
30:02 Chemistry
30:29 Wheelbarrow
30:17 Padded Archer Armor
30:20 Horse Collar
30:51 Bow Saw
35:46 Leather Archer Armor
35:44 Heavy Plow
38:01 Scale Barding Armor
ThunderboltX
6:03 Loom
8:49 Feudal Age
9:31 Double-Bit Axe
10:17 Man-at-Arms
13:07 Arson
14:34 Fletching
17:17 Padded Archer Armor
22:19 Castle Age
20:24 Horse Collar
22:02 Scale Mail Armor
22:12 Forging
22:14 Gold Mining
22:41 Stone Mining
23:17 Bow Saw
24:31 Squires
24:17 Gambesons
24:49 Chain Mail Armor
25:37 Wheelbarrow
26:07 Town Watch
31:10 Gold Shaft Mining
30:38 Heavy Plow
31:06 Hand Cart
31:52 Forging
32:07 Elite Skirmisher
34:09 Bodkin Arrow
35:01 Ballistics
34:57 Leather Archer Armor
35:24 Town Patrol
36:24 Iron Casting
40:20 Imperial Age
Connection lost

Rejoining the realm…

Still unreachable

The connection could not be restored.

Session expired

The server has moved on; the page needs a fresh start.